[Event "Titled Tuesday Blitz January 18 2022"]
[White "Estrada Nieto, Julian"]
[Black "Obolenskikh, Dmitry"]
[WhiteFideId "5101018"]
[BlackFideId "4156013"]
[WhiteElo "2246"]
[BlackElo "2512"]
[Result "0-1"]
[Round "01"]
[TimeControl "180+1"]
[Date "2022.01.18"]
[WhiteClock "0:00:03"]
[BlackClock "0:00:14"]

1. e4 e5 2. Nf3 Nc6 3. Bb5 a6 4. Ba4 Nf6 5. O-O Be7 6. Re1 b5 7. Bb3 d6 8. c3 O-O 9. h3 Nb8 10. d4 Nbd7 11. Nbd2 Bb7 12. Bc2 Re8 13. Bd3 Bf8 14. a4 c6 15. Qc2 g6 16. b3 Qc7 17. Bb2 Nh5 18. Rad1 Rad8 19. Bf1 Nf4 20. g3 Ne6 21. h4 Bg7 22. Bh3 Qb6 23. dxe5 dxe5 24. c4 bxa4 25. bxa4 c5 26. Bxe6 Qxe6 27. Bc3 Nb8 28. Qb2 Bc6 29. a5 f6 30. Qa3 Bf8 31. Rb1 Rd3 32. Rec1 Qg4 33. Ne1 Rd7 34. Rb6 Qe2 35. Nef3 Qd3 36. Qb2 Qd6 37. Rb1 Rdd8 38. Nb3 Qc7 39. Nbd2 Nd7 40. Rxa6 Rb8 41. Rb6 Nxb6 42. axb6 Qb7 43. Ba5 Ra8 44. Nb3 Bxe4 45. Nfd2 Bxb1 46. Qxb1 f5 47. Nf1 Ra6 48. Ne3 Rxb6 49. Bxb6 Qxb6 50. Nd5 Qc6 51. Qd3 e4 52. Qc3 Bg7 53. Qa5 Kh8 54. Qa7 Bd4 55. Na5 Qe6 56. Nf4 Qe7 57. Qa6 e3 58. fxe3 Qxe3+ 59. Kg2 Qg1+ 60. Kh3 Qh1# 0-1


[Site "https://www.chess.com"]

[Event "Titled Tuesday Blitz January 18 2022"]
[White "FGHSMN"]
[Black "Belenkaya, Dina"]
[BlackFideId "24142654"]
[WhiteElo "2754"]
[BlackElo "2196"]
[Result "1-0"]
[Round "01"]
[TimeControl "180+1"]
[Date "2022.01.18"]
[WhiteClock "0:00:52"]
[BlackClock "0:01:43"]

1. e4 c6 2. d4 d5 3. Nc3 dxe4 4. Nxe4 Nf6 5. Nxf6+ exf6 6. c3 Bd6 7. Bd3 O-O 8. Qc2 Re8+ 9. Ne2 h5 10. O-O h4 11. Bf4 Na6 12. Qd2 h3 13. g3 Nc7 14. Rae1 Bg4 15. f3 Be6 16. Bxd6 Qxd6 17. Nf4 Nd5 18. Nxe6 Rxe6 19. Rxe6 Qxe6 20. Re1 Qd7 21. Bf1 g5 22. Qe2 Kg7 23. Qe4 b5 24. Bd3 Rh8 25. Qf5 Qd6 26. Be4 Ne7 27. Qg4 Qe6 28. Qxe6 fxe6 29. g4 f5 30. Bc2 Kf6 31. Kf2 Nd5 32. gxf5 exf5 33. Re5 Rh4 34. Rxf5+ Ke6 35. Rxg5 Rh6 36. Rg6+ Rxg6 37. Bxg6 Kf6 38. Be4 Ne7 39. Kg3 Kg5 40. f4+ Kf6 41. Kxh3 a5 42. Kg3 b4 43. h4 bxc3 44. bxc3 Ng8 45. Bxc6 1-0


[Site "https://www.chess.com"]

[Event "Titled Tuesday Blitz January 18 2022"]
[White "Fawzy, Adham"]
[Black "Jeet, Jain"]
[WhiteFideId "10613129"]
[BlackFideId "5073022"]
[WhiteElo "2510"]
[BlackElo "2085"]
[Result "1-0"]
[Round "01"]
[TimeControl "180+1"]
[Date "2022.01.18"]
[WhiteClock "0:00:33"]
[BlackClock "0:00:05"]

1. e4 e5 2. Nf3 Nc6 3. d4 exd4 4. Bc4 Nf6 5. Ng5 Ne5 6. Bb3 d5 7. exd5 Bc5 8. O-O O-O 9. Re1 Ng6 10. c4 dxc3 11. Nxc3 Bg4 12. Qd3 Re8 13. Bd2 Qd7 14. Nge4 Nxe4 15. Nxe4 Bb6 16. d6 cxd6 17. Nxd6 Rxe1+ 18. Rxe1 Rf8 19. Bb4 a5 20. Ba3 Be6 21. Qe4 Bxb3 22. axb3 Rb8 23. Nxb7 h6 24. Nd6 Bc7 25. Nc4 Rxb3 26. Qe8+ Qxe8 27. Rxe8+ Kh7 28. g3 Rb5 29. Rc8 Be5 30. f4 Bd4+ 31. Kf1 h5 32. Ra8 Bb6 33. Rb8 1-0


[Site "https://www.chess.com"]

[Event "Titled Tuesday Blitz January 18 2022"]
[White "Findlay, Ian T."]
[Black "Vignesh, N R"]
[WhiteFideId "2600226"]
[BlackFideId "25012215"]
[WhiteElo "2267"]
[BlackElo "2395"]
[Result "0-1"]
[Round "01"]
[TimeControl "180+1"]
[Date "2022.01.18"]
[WhiteClock "0:00:21"]
[BlackClock "0:01:20"]

1. e4 c5 2. Nf3 d6 3. d4 cxd4 4. Nxd4 Nf6 5. Nc3 a6 6. h3 e5 7. Nb3 Be7 8. g4 h6 9. Bg2 Nbd7 10. Qe2 b5 11. Be3 b4 12. Nd5 Nxd5 13. exd5 a5 14. a4 Ba6 15. Qd2 Qc7 16. Bf1 Bxf1 17. Kxf1 h5 18. Kg2 Rc8 19. Rac1 Nf6 20. g5 Ne4 21. Qd3 Nxg5 22. Qb5+ Qd7 23. Nxa5 Ne4 24. Nc6 Nf6 25. c4 O-O 26. a5 Rfe8 27. a6 Qf5 28. f3 h4 29. a7 Nh5 30. a8=Q Rxa8 31. Qxb4 Bg5 32. Bf2 Nf4+ 33. Kf1 Qd3+ 34. Kg1 Qxf3 0-1


[Site "https://www.chess.com"]

[Event "Titled Tuesday Blitz January 18 2022"]
[White "Fiorito, Fabian"]
[Black "Shkapenko, Pavel"]
[WhiteFideId "100200"]
[BlackFideId "4151933"]
[WhiteElo "2395"]
[BlackElo "2386"]
[Result "0-1"]
[Round "01"]
[TimeControl "180+1"]
[Date "2022.01.18"]
[WhiteClock "0:01:28"]
[BlackClock "0:01:01"]

1. d4 Nf6 2. Nc3 d5 3. Bf4 c5 4. e4 Nxe4 5. Nxe4 dxe4 6. dxc5 Qa5+ 7. c3 Qxc5 8. Qa4+ Nc6 9. Qxe4 g6 10. Nf3 Bg7 11. Qe2 Bxc3+ 12. Nd2 Bxb2 13. Ne4 Bc3+ 14. Bd2 Bxd2+ 15. Qxd2 Qe5 16. Rd1 Qxe4+ 17. Be2 Qxg2 18. Rf1 O-O 19. Qh6 Qh3 0-1


[Site "https://www.chess.com"]

[Event "Titled Tuesday Blitz January 18 2022"]
[White "Grigorjev, Iljya"]
[Black "Lucas, Arthur"]
[WhiteFideId "24159565"]
[BlackFideId "26093073"]
[WhiteElo "2124"]
[BlackElo "2129"]
[Result "1-0"]
[Round "01"]
[TimeControl "180+1"]
[Date "2022.01.18"]
[WhiteClock "0:00:26"]
[BlackClock "0:00:02"]

1. Nf3 Nf6 2. g3 g6 3. Bg2 Bg7 4. O-O O-O 5. b3 d6 6. Bb2 Nc6 7. c4 e5 8. Nc3 Bf5 9. d3 e4 10. Nh4 exd3 11. Nxf5 dxe2 12. Nxe2 gxf5 13. Nf4 Re8 14. Re1 Qd7 15. Qc2 Rxe1+ 16. Rxe1 Re8 17. Rxe8+ Nxe8 18. Bxg7 Nxg7 19. Nd5 Kh8 20. Qc3 Ne5 21. f4 Nc6 22. Kf2 Nd8 23. Bh3 c6 24. Ne3 Kg8 25. Qf6 Nde6 26. Bxf5 Qd8 27. Qc3 d5 28. cxd5 cxd5 29. Qe5 d4 30. Nd5 d3 31. Bxd3 Kh8 32. Qe4 1-0


[Site "https://www.chess.com"]

[Event "Titled Tuesday Blitz January 18 2022"]
[White "Hamley, Ryan"]
[Black "Sviridov, Valery"]
[WhiteFideId "30959497"]
[BlackFideId "4120680"]
[WhiteElo "2502"]
[BlackElo "2454"]
[Result "0-1"]
[Round "01"]
[TimeControl "180+1"]
[Date "2022.01.18"]
[WhiteClock "0:00:28"]
[BlackClock "0:01:40"]

1. Nf3 Nf6 2. g3 d5 3. Bg2 c6 4. O-O Bf5 5. b3 e6 6. Bb2 h6 7. d3 Be7 8. Nbd2 Bh7 9. Re1 O-O 10. e4 a5 11. a3 Na6 12. Qe2 Nc5 13. Ne5 Qc7 14. f4 Rad8 15. Rad1 Rfe8 16. h3 dxe4 17. Nxe4 Ncxe4 18. dxe4 Nd7 19. Qg4 Nxe5 20. Bxe5 Qb6+ 21. Kh2 Bf8 22. Qe2 Bxa3 23. Ra1 Bd6 24. Bb2 Bf8 25. Red1 Rxd1 26. Qxd1 Rd8 27. Qg4 Qf2 28. Rf1 Qxc2 29. Be5 Rd2 30. Rg1 Bxe4 0-1


[Site "https://www.chess.com"]

[Event "Titled Tuesday Blitz January 18 2022"]
[White "Harshavardhan G B"]
[Black "Golizadeh, Asghar"]
[WhiteFideId "25059009"]
[BlackFideId "12505269"]
[WhiteElo "1831"]
[BlackElo "2403"]
[Result "1-0"]
[Round "01"]
[TimeControl "180+1"]
[Date "2022.01.18"]
[WhiteClock "0:00:11"]
[BlackClock "0:00:02"]

1. d4 Nf6 2. c4 e6 3. Nf3 Bb4+ 4. Nbd2 b6 5. e3 Bb7 6. Bd3 O-O 7. O-O Bxd2 8. Nxd2 d6 9. e4 e5 10. d5 Nbd7 11. b3 Qe7 12. g3 c6 13. Bb2 cxd5 14. exd5 a5 15. Qe2 Rfe8 16. a3 Nc5 17. Bc2 Bc8 18. b4 Na6 19. f4 Bg4 20. Qf2 e4 21. Bxf6 Qxf6 22. Nxe4 Qh6 23. Rfe1 axb4 24. Qxb6 b3 25. Qxb3 Bf5 26. Nf2 Nc5 27. Qc3 Bxc2 28. Qxc2 Qf6 29. Rad1 Reb8 30. Ne4 Nxe4 31. Qxe4 g6 32. Rd3 Qb2 33. Qe2 Qb6+ 34. Qf2 Qa6 35. Qd4 Rc8 36. Rc3 Qa4 37. Kg2 Ra5 38. Rce3 Raa8 39. Rc3 Ra5 40. Re2 Rac5 41. Rce3 Qa8 42. Qf6 Rxc4 43. Qxd6 Rd4 44. Re5 Rd8 45. Qf6 R4xd5 46. Kh3 Rxe5 47. Qxe5 Qc8+ 48. Kg2 Qa8+ 49. Kh3 Qxa3 50. Qf6 Qa8 51. Re7 Rf8 52. Kh4 Qh1 53. h3 Qf3 54. Qe5 Qa8 55. Qg5 Qd8 56. f5 f6 57. Qe3 g5+ 58. Kg4 Kh8 59. h4 Qd1+ 60. Qe2 Qd4+ 61. Kh3 g4+ 62. Qxg4 Qg1 63. Qf3 Qc5 64. Rd7 Rg8 65. Qh5 Qc8 66. Qxh7# 1-0


[Site "https://www.chess.com"]

[Event "Titled Tuesday Blitz January 18 2022"]
[White "Hasman, Cengiz"]
[Black "Srihari L R"]
[WhiteFideId "413364"]
[BlackFideId "46617116"]
[WhiteElo "2020"]
[BlackElo "2121"]
[Result "0-1"]
[Round "01"]
[TimeControl "180+1"]
[Date "2022.01.18"]
[WhiteClock "0:00:12"]
[BlackClock "0:01:30"]

1. d4 d6 2. c4 e5 3. e3 g6 4. Nc3 Bg7 5. Nf3 Ne7 6. Be2 O-O 7. O-O Nbc6 8. d5 Nb8 9. e4 h6 10. Ne1 f5 11. f4 Nd7 12. Nf3 exf4 13. Bxf4 fxe4 14. Nxe4 Rxf4 15. Bd3 Rf8 16. Ng3 Ne5 17. Nxe5 Bxe5 18. Qc2 Bxg3 19. hxg3 Bf5 20. g4 Bxd3 21. Qxd3 Qd7 22. Qe3 Rxf1+ 23. Rxf1 Rf8 24. Re1 Rf7 25. Qe4 Kh7 26. Rf1 Rxf1+ 27. Kxf1 Ng8 28. Qd4 Qg7 29. Qxa7 b6 30. b4 Nf6 31. a4 Nxg4 32. a5 Qf6+ 33. Ke1 Qf2+ 0-1


[Site "https://www.chess.com"]

[Event "Titled Tuesday Blitz January 18 2022"]
[White "Holt, Conrad"]
[Black "Ljukin, Sergei"]
[WhiteFideId "2034387"]
[BlackFideId "14102200"]
[WhiteElo "2586"]
[BlackElo "2312"]
[Result "1-0"]
[Round "01"]
[TimeControl "180+1"]
[Date "2022.01.18"]
[WhiteClock "0:00:07"]
[BlackClock "0:00:22"]

1. d4 d5 2. c4 c6 3. Nc3 Nf6 4. e3 e6 5. Bd3 Nbd7 6. e4 dxe4 7. Nxe4 Nxe4 8. Bxe4 e5 9. Nf3 Bb4+ 10. Bd2 Bxd2+ 11. Qxd2 exd4 12. Nxd4 O-O 13. O-O-O Nf6 14. Bc2 c5 15. Nb5 Qxd2+ 16. Rxd2 a6 17. Nd6 b6 18. Nxc8 Raxc8 19. Rd6 Rb8 20. Re1 Rfe8 21. Rxe8+ Nxe8 22. Rd7 Nf6 23. Ra7 a5 24. f3 g6 25. Rc7 Kg7 26. Kd2 Rd8+ 27. Kc3 Rd6 28. Rb7 h5 29. g3 g5 30. Bf5 h4 31. gxh4 gxh4 32. a3 Rd1 33. Rxb6 Rf1 34. Rb5 Rxf3+ 35. Bd3 Ne4+ 36. Kc2 Rf2+ 37. Kc1 Nf6 38. Rxc5 Rxh2 39. Rg5+ Kf8 40. Rf5 Rg2 41. Rxf6 h3 42. Be4 Rg1+ 43. Kc2 h2 44. Ra6 Rg4 45. Ba8 Rxc4+ 46. Kd3 Rh4 47. Bh1 Rg4 48. Rh6 Rg3+ 49. Kc2 Ke7 50. Rxh2 f5 51. Re2+ Kf6 52. Rf2 Kg5 53. Bf3 f4 54. Bd1 Kf5 55. Rf3 Rg2+ 56. Kc1 Ke4 57. b4 axb4 58. axb4 Rg1 59. Rb3 Rg6 60. Bc2+ 1-0


[Site "https://www.chess.com"]

[Event "Titled Tuesday Blitz January 18 2022"]
[White "Jakubowski, Krzysztof"]
[Black "Oparin, Grigoriy"]
[WhiteFideId "1112848"]
[BlackFideId "24125890"]
[WhiteElo "2365"]
[BlackElo "2685"]
[Result "0-1"]
[Round "01"]
[TimeControl "180+1"]
[Date "2022.01.18"]
[WhiteClock "0:00:13"]
[BlackClock "0:01:29"]

1. e4 d6 2. Nc3 g6 3. d4 Bg7 4. f4 a6 5. Nf3 b5 6. Be3 Bb7 7. Bd3 Nd7 8. O-O b4 9. Ne2 Ngf6 10. Ng3 Ng4 11. Bd2 c5 12. h3 h5 13. c3 Qb6 14. Kh1 Ndf6 15. Qe2 h4 16. e5 hxg3 17. exf6 Bxf6 18. dxc5 Qxc5 19. Be4 Bxe4 20. Qxe4 d5 21. Qxb4 Nf2+ 22. Rxf2 Qxb4 23. cxb4 gxf2 24. Rf1 Rc8 25. Rxf2 Rc2 26. Be3 Rxf2 27. Bxf2 Bxb2 28. a4 Kd7 29. b5 axb5 30. axb5 Rb8 31. b6 Kc6 32. g4 f6 33. h4 e5 34. h5 gxh5 35. gxh5 Rh8 36. Kg2 Rxh5 37. fxe5 fxe5 38. Nd2 Bc3 39. Nb3 d4 40. Kf3 Rf5+ 41. Ke2 Kxb6 42. Bg1 Kc6 43. Kd3 Kd5 0-1


[Site "https://www.chess.com"]

[Event "Titled Tuesday Blitz January 18 2022"]
[White "Jobava, Baadur"]
[Black "Di Nicolantonio, Lucas"]
[WhiteFideId "13601520"]
[BlackFideId "680460"]
[WhiteElo "2617"]
[BlackElo "2381"]
[Result "1-0"]
[Round "01"]
[TimeControl "180+1"]
[Date "2022.01.18"]
[WhiteClock "0:01:23"]
[BlackClock "0:00:02"]

1. d4 g6 2. e4 Bg7 3. c4 d6 4. Nc3 e5 5. Nge2 Nc6 6. Be3 Nh6 7. f3 f5 8. d5 Ne7 9. h3 Nf7 10. Qc2 c5 11. dxc6 bxc6 12. O-O-O Qa5 13. Kb1 Rb8 14. Nc1 O-O 15. Nb3 Qc7 16. c5 d5 17. exd5 cxd5 18. Nxd5 Nxd5 19. Rxd5 Be6 20. Bc4 Bxd5 21. Bxd5 Kh8 22. Rd1 Nd8 23. c6 Rc8 24. Nc5 Re8 25. Rc1 Qd6 26. Rd1 Qc7 27. Bb3 Nxc6 28. Rd7 Qb8 29. Qc4 Nd4 30. Qf7 Rg8 31. Bh6 Nxb3 32. Bxg7+ 1-0


[Site "https://www.chess.com"]

[Event "Titled Tuesday Blitz January 18 2022"]
[White "Kanyamarala, Tarun"]
[Black "Sarana, Alexey"]
[WhiteFideId "45004714"]
[BlackFideId "24133795"]
[WhiteElo "2144"]
[BlackElo "2665"]
[Result "0-1"]
[Round "01"]
[TimeControl "180+1"]
[Date "2022.01.18"]
[WhiteClock "0:00:06"]
[BlackClock "0:01:25"]

1. d4 Nf6 2. c4 e6 3. Nc3 Bb4 4. e3 O-O 5. Bd2 b6 6. Nf3 Bb7 7. Bd3 Bxc3 8. Bxc3 Ne4 9. Bxe4 Bxe4 10. d5 c5 11. Nd2 Bd3 12. e4 f5 13. Qf3 fxe4 14. Qg3 Rf7 15. dxe6 dxe6 16. O-O-O Qc7 17. Be5 Qb7 18. Rhe1 Nd7 19. Bc3 Nf6 20. f3 Qa6 21. a3 Qa4 22. b3 Qxa3+ 23. Bb2 Qa2 24. fxe4 Rd8 25. Re3 Bxe4 26. Nxe4 Rxd1+ 27. Kxd1 Qb1+ 28. Bc1 Nxe4 29. Qe1 Rf2 30. Rc3 Nxc3+ 0-1


[Site "https://www.chess.com"]

[Event "Titled Tuesday Blitz January 18 2022"]
[White "Karas, Marek"]
[Black "Visakh N R"]
[WhiteFideId "14928558"]
[BlackFideId "25012223"]
[WhiteElo "2270"]
[BlackElo "2454"]
[Result "0-1"]
[Round "01"]
[TimeControl "180+1"]
[Date "2022.01.18"]
[WhiteClock "0:00:01"]
[BlackClock "0:00:35"]

1. d4 Nf6 2. Nf3 e6 3. Bf4 Bd6 4. Bg3 O-O 5. e3 b6 6. Nbd2 Bb7 7. Bd3 h6 8. c3 Qe7 9. Qe2 Bxg3 10. hxg3 d6 11. e4 e5 12. d5 c6 13. c4 Na6 14. a3 Nc5 15. b4 Nxd3+ 16. Qxd3 a5 17. O-O cxd5 18. cxd5 Ba6 19. b5 Bc8 20. Rfc1 Nd7 21. Nb3 a4 22. Nbd2 Nc5 23. Qe3 f5 24. exf5 Bxf5 25. Re1 Qf6 26. Nc4 Rab8 27. Nfd2 Bd3 28. Nb2 Bxb5 29. f3 Qg6 30. g4 Rf4 31. Rac1 Rbf8 32. Ndc4 e4 33. Rf1 exf3 34. gxf3 Nb3 35. Rc3 Nd4 36. Kg2 h5 37. Nd3 Rxg4+ 38. fxg4 Qxg4+ 39. Qg3 Qe4+ 40. Kh2 Rxf1 41. Nf2 Qe2 42. Rc2 Nxc2 0-1


[Site "https://www.chess.com"]

[Event "Titled Tuesday Blitz January 18 2022"]
[White "Kashefi, Amir Hosein"]
[Black "Indjic, Aleksandar"]
[WhiteFideId "12557935"]
[BlackFideId "911925"]
[WhiteElo "2098"]
[BlackElo "2616"]
[Result "0-1"]
[Round "01"]
[TimeControl "180+1"]
[Date "2022.01.18"]
[WhiteClock "0:00:02"]
[BlackClock "0:01:15"]

1. d4 Nf6 2. Nf3 e6 3. g3 d5 4. Bg2 b5 5. O-O c5 6. c3 Nbd7 7. a3 Bb7 8. b4 c4 9. a4 a5 10. bxa5 b4 11. cxb4 Bxb4 12. Ba3 Qxa5 13. Ne5 Nxe5 14. dxe5 Nd7 15. Bxb4 Qxb4 16. e4 O-O 17. exd5 exd5 18. Bxd5 Nxe5 19. Bxb7 Qxb7 20. Ra3 Rad8 21. Qe2 Nd3 22. Rc3 Rfe8 23. Qc2 Ne1 24. Qf5 g6 25. Qb5 Nf3+ 26. Kh1 Qa8 27. Rxf3 Qxf3+ 28. Kg1 c3 29. Qb3 Rc8 30. Qc2 Re2 31. Qc1 c2 32. Nd2 Qd3 0-1


[Site "https://www.chess.com"]

[Event "Titled Tuesday Blitz January 18 2022"]
[White "Khodzhamkuliev, Bahadur"]
[Black "De Silva, L M S T"]
[WhiteFideId "24135046"]
[BlackFideId "9953698"]
[WhiteElo "2130"]
[BlackElo "1631"]
[Result "0-1"]
[Round "01"]
[TimeControl "180+1"]
[Date "2022.01.18"]
[WhiteClock "0:00:08"]
[BlackClock "0:00:37"]

1. Nf3 Nf6 2. d4 b6 3. c3 Bb7 4. Bg5 Ne4 5. Bh4 d5 6. Nbd2 h6 7. e3 g5 8. Bg3 Nxg3 9. hxg3 Bg7 10. Bd3 Nd7 11. Qe2 e5 12. dxe5 Nxe5 13. Nxe5 Bxe5 14. O-O-O Qe7 15. Bf5 Bg7 16. f4 O-O 17. Qg4 Bc8 18. e4 dxe4 19. fxg5 Bxf5 20. Qxf5 e3 21. Nf3 e2 22. Rd7 Qe3+ 23. Kc2 Qf2 24. Re1 hxg5 25. Qxg5 Qxg2 26. Nh4 Qe4+ 27. Kd2 Qe6 28. Re7 Rad8+ 29. Kc2 Qxa2 30. Nf5 Qa4+ 31. b3 Qa2+ 32. Kc1 Qa1+ 33. Kc2 Qxc3+ 34. Kb1 Qb2# 0-1


[Site "https://www.chess.com"]

[Event "Titled Tuesday Blitz January 18 2022"]
[White "Khripachenko, Alexander"]
[Black "Albornoz Cabrera, Carlos Daniel"]
[WhiteFideId "54184975"]
[BlackFideId "3518736"]
[WhiteElo "2177"]
[BlackElo "2490"]
[Result "0-1"]
[Round "01"]
[TimeControl "180+1"]
[Date "2022.01.18"]
[WhiteClock "0:00:48"]
[BlackClock "0:01:10"]

1. e4 c6 2. d4 d5 3. e5 Bf5 4. Nd2 e6 5. Nb3 Nd7 6. Nf3 h6 7. Be2 Bh7 8. O-O Ne7 9. a4 a5 10. Bd2 Nf5 11. Qe1 b6 12. g3 Be7 13. Kg2 g5 14. h3 h5 15. Bd3 Rg8 16. Qe2 c5 17. c4 g4 18. hxg4 hxg4 19. Nh2 Nxd4 20. Nxd4 Bxd3 21. Qxd3 cxd4 22. Qh7 Rg6 23. Qh5 dxc4 24. Nxg4 Nc5 25. Bf4 Qd5+ 26. Kg1 O-O-O 27. Rfd1 Nd3 28. Rd2 Nxf4 29. gxf4 Rdg8 0-1


[Site "https://www.chess.com"]

[Event "Titled Tuesday Blitz January 18 2022"]
[White "Klimciauskas, Domantas"]
[Black "Corrales Jimenez, Fidel"]
[WhiteFideId "12802999"]
[BlackFideId "3506690"]
[WhiteElo "2255"]
[BlackElo "2541"]
[Result "0-1"]
[Round "01"]
[TimeControl "180+1"]
[Date "2022.01.18"]
[WhiteClock "0:01:22"]
[BlackClock "0:02:13"]

1. d4 Nf6 2. Nf3 g6 3. g3 Bg7 4. Bg2 O-O 5. O-O d5 6. c3 c5 7. dxc5 Nc6 8. Bf4 Ne4 9. Nbd2 Nxc5 10. Nb3 Ne4 11. Nbd4 Qb6 12. Qc1 Bg4 13. h3 Bxf3 14. exf3 Nxd4 15. cxd4 Nd6 16. Be5 Nf5 17. Rd1 Bxe5 18. dxe5 Nxg3 19. Qe3 d4 20. Qe4 Nxe4 0-1


[Site "https://www.chess.com"]

[Event "Titled Tuesday Blitz January 18 2022"]
[White "Klyashtorny, Vladislav"]
[Black "Weetik, Vjacheslav"]
[WhiteFideId "4170938"]
[BlackFideId "4153472"]
[WhiteElo "2423"]
[BlackElo "2469"]
[Result "0-1"]
[Round "01"]
[TimeControl "180+1"]
[Date "2022.01.18"]
[WhiteClock "0:00:19"]
[BlackClock "0:00:32"]

1. e4 c6 2. Nc3 d5 3. Nf3 dxe4 4. Nxe4 Nf6 5. Nxf6+ exf6 6. Be2 Bd6 7. O-O O-O 8. d4 Re8 9. c4 Nd7 10. Re1 Nf8 11. c5 Bc7 12. b4 Be6 13. a4 Ng6 14. b5 Qd7 15. bxc6 bxc6 16. Rb1 Ne7 17. g3 Nd5 18. Bd2 Rab8 19. a5 Bf5 20. Rxb8 Rxb8 21. a6 g5 22. Qa4 Kg7 23. Bf1 h5 24. Bg2 h4 25. gxh4 Bh3 26. Re4 Rb1+ 27. Be1 Nf4 28. Rxf4 Bxf4 29. Bxh3 Qxh3 30. Qa3 Rxe1+ 0-1


[Site "https://www.chess.com"]

[Event "Titled Tuesday Blitz January 18 2022"]
[White "Koelle, Tobias"]
[Black "Bluebaum, Matthias"]
[WhiteFideId "16207378"]
[BlackFideId "24651516"]
[WhiteElo "2541"]
[BlackElo "2550"]
[Result "0-1"]
[Round "01"]
[TimeControl "180+1"]
[Date "2022.01.18"]
[WhiteClock "0:00:11"]
[BlackClock "0:00:59"]

1. d4 Nf6 2. c4 e6 3. Bg5 c5 4. d5 h6 5. Bf4 d6 6. Nc3 e5 7. Bd2 e4 8. g3 Bf5 9. Bg2 Nbd7 10. b3 Qe7 11. Nh3 g5 12. O-O Bg7 13. Rc1 a6 14. Kh1 O-O 15. Ng1 b5 16. h3 Ne5 17. Qc2 bxc4 18. Nxe4 Nxe4 19. Bxe4 cxb3 20. axb3 Bxe4+ 21. Qxe4 f5 22. Qc2 f4 23. Bc3 Qf7 24. Qd1 Rab8 25. Ra1 fxg3 26. fxg3 Qxf1 27. Qxf1 Rxf1 28. Rxf1 Rxb3 29. Bxe5 Bxe5 30. Nf3 Bxg3 31. Ra1 Rb6 32. Nd2 Rb2 33. Nc4 Rc2 34. Ne3 Rxe2 35. Nf5 Re1+ 36. Rxe1 Bxe1 37. Nxd6 a5 38. Nb7 Kf7 39. Nxc5 Bb4 40. Na4 Ke7 41. Kg2 Kd6 42. Kf3 Kxd5 43. Kg4 Bd2 44. Kh5 Kc4 45. Nb6+ Kb3 46. Nd7 a4 47. Nc5+ Kb4 48. Nd3+ Kc4 49. Nb2+ Kb3 50. Nxa4 Kxa4 51. h4 Kb3 52. Kg4 Kc4 53. Kf3 Kd5 54. Ke2 Bb4 55. Kf3 Ke5 56. Kg4 Bd2 57. Kh5 Kf5 58. hxg5 hxg5 0-1


[Site "https://www.chess.com"]

[Event "Titled Tuesday Blitz January 18 2022"]
[White "Koridze, Lile"]
[Black "Djordjevic, Vuk"]
[WhiteFideId "13612514"]
[BlackFideId "902098"]
[WhiteElo "1978"]
[BlackElo "2463"]
[Result "0-1"]
[Round "01"]
[TimeControl "180+1"]
[Date "2022.01.18"]
[WhiteClock "0:02:06"]
[BlackClock "0:01:10"]

1. d4 Nf6 2. c4 e6 3. Nf3 b6 4. g3 Ba6 5. b3 Bb4+ 6. Bd2 Be7 7. Bg2 c6 8. O-O d5 9. cxd5 cxd5 10. Nc3 O-O 11. Rc1 Ba3 12. Rb1 Nc6 13. Bg5 Rc8 14. Qd2 Bb4 15. Rfc1 Ne4 16. Bxd8 Nxd2 17. Nxd2 Nxd4 18. e3 Bxc3 19. exd4 Rfxd8 20. Nf3 Bd3 21. Bf1 Bxb1 22. Rxb1 Bb4 23. Be2 Rc2 24. Kf1 Rdc8 25. Ne5 Bd6 26. Nd3 Rxa2 0-1


[Site "https://www.chess.com"]

[Event "Titled Tuesday Blitz January 18 2022"]
[White "Kosakowski, Jakub"]
[Black "Logozar, Elijah"]
[WhiteFideId "1185080"]
[BlackFideId "30963788"]
[WhiteElo "2476"]
[BlackElo "2406"]
[Result "1-0"]
[Round "01"]
[TimeControl "180+1"]
[Date "2022.01.18"]
[WhiteClock "0:01:00"]
[BlackClock "0:00:40"]

1. d4 d5 2. Nf3 Nf6 3. c4 c6 4. Nc3 e6 5. e3 Nbd7 6. Qc2 Bd6 7. Be2 O-O 8. O-O e5 9. cxd5 cxd5 10. Nb5 Bb8 11. dxe5 Nxe5 12. b3 a6 13. Nbd4 Qd6 14. Bb2 Bg4 15. Nxe5 Qxe5 16. g3 Qh5 17. Rac1 Qh3 18. Bxg4 Nxg4 19. Nf3 h5 20. Qf5 f6 21. Qxd5+ Kh8 22. Qxb7 h4 23. Qxa8 Nxh2 24. Nxh2 hxg3 25. Qg2 gxh2+ 26. Kh1 1-0


[Site "https://www.chess.com"]

[Event "Titled Tuesday Blitz January 18 2022"]
[White "Koutlas, Nikolaos"]
[Black "Pichot, Alan"]
[WhiteFideId "25827138"]
[BlackFideId "110973"]
[WhiteElo "1610"]
[BlackElo "2543"]
[Result "0-1"]
[Round "01"]
[TimeControl "180+1"]
[Date "2022.01.18"]
[WhiteClock "0:00:01"]
[BlackClock "0:01:10"]

1. e4 c5 2. Nf3 e6 3. d4 cxd4 4. Nxd4 Nc6 5. Nc3 Qc7 6. Be2 Nf6 7. O-O a6 8. Kh1 Be7 9. Be3 O-O 10. f4 d6 11. Nb3 b5 12. a3 Bb7 13. Bf3 b4 14. axb4 Nxb4 15. Ra4 d5 16. e5 Ne4 17. Bd4 Bc6 18. Ra1 a5 19. Qe2 a4 20. Nc1 Qb7 21. Nd3 Nxd3 22. cxd3 Nc5 23. Rae1 Qb4 24. Be3 Rab8 25. Bc1 Nb3 26. f5 Nd4 27. Qf2 Nxf5 28. g4 Bh4 29. Qg2 Nd4 30. Rd1 Nxf3 31. Qxf3 a3 32. d4 axb2 33. Bf4 Ba4 0-1


[Site "https://www.chess.com"]

[Event "Titled Tuesday Blitz January 18 2022"]
[White "Kovalev, Vladislav"]
[Black "Wahedi, Ahmad Siar"]
[WhiteFideId "13504398"]
[BlackFideId "4651260"]
[WhiteElo "2530"]
[BlackElo "2459"]
[Result "1-0"]
[Round "01"]
[TimeControl "180+1"]
[Date "2022.01.18"]
[WhiteClock "0:00:53"]
[BlackClock "0:00:27"]

1. e4 Nf6 2. e5 Nd5 3. d4 Nb6 4. Nf3 d5 5. Be2 Bg4 6. O-O e6 7. h3 Bh5 8. a3 c5 9. dxc5 Bxc5 10. b4 Be7 11. Bb2 Nc6 12. Nbd2 Na4 13. Qc1 O-O 14. c4 Rc8 15. Qc2 Nxb2 16. Qxb2 Qd7 17. Rfd1 Rfd8 18. Rac1 Qc7 19. cxd5 Rxd5 20. b5 Bxf3 21. Bxf3 Qb6 22. Bxd5 exd5 23. Qb1 Bxa3 24. bxc6 Bxc1 25. Qxb6 axb6 26. cxb7 1-0


[Site "https://www.chess.com"]

[Event "Titled Tuesday Blitz January 18 2022"]
[White "Kravtsiv, Martyn"]
[Black "Claridge-Hansen, William"]
[WhiteFideId "14113147"]
[BlackFideId "422509"]
[WhiteElo "2694"]
[BlackElo "2261"]
[Result "0-1"]
[Round "01"]
[TimeControl "180+1"]
[Date "2022.01.18"]
[WhiteClock "0:00:02"]
[BlackClock "0:00:08"]

1. e4 d5 2. exd5 Qxd5 3. Nc3 Qd6 4. Bc4 Nf6 5. Nge2 a6 6. d3 b5 7. Bb3 e6 8. O-O Bb7 9. Ng3 Nbd7 10. a4 b4 11. Nce4 Nxe4 12. Nxe4 Qc6 13. f3 Nc5 14. Nxc5 Bxc5+ 15. Kh1 O-O 16. a5 Bd4 17. Qe1 Qd6 18. Bc4 c5 19. c3 bxc3 20. bxc3 Bf6 21. Be3 Bd5 22. Rb1 Bxc4 23. dxc4 Rfb8 24. Qf2 Be7 25. Qc2 Rxb1 26. Rxb1 Rb8 27. Kg1 h6 28. Rxb8+ Qxb8 29. Qe4 Qb3 30. Kf2 Qa2+ 31. Kg3 Qxa5 32. Qa8+ Kh7 33. Qe4+ g6 34. Qf4 Kg8 35. Qb8+ Qd8 36. Qxd8+ Bxd8 37. Bxc5 Bf6 38. Bb4 Be5+ 39. f4 Bc7 40. Kf3 f5 41. g3 Kf7 42. h4 e5 43. fxe5 Bxe5 44. c5 Ke6 45. c4 Bc7 46. Bd2 h5 47. Bf4 Bxf4 48. gxf4 Kd7 49. Ke3 Kc6 50. Kd4 a5 51. Kc3 Kxc5 52. Kd3 a4 53. Kc3 a3 54. Kb3 a2 55. Kxa2 Kxc4 56. Kb2 Kd4 0-1


[Site "https://www.chess.com"]